 Dungeon Crawl Stone Soup version 0.21.1 (webtiles) character file.

261921 Faustar the Bludgeoner (level 19, -6/132 HPs)
             Began as a Gargoyle Gladiator on Feb 4, 2018.
             Was a High Priest of Okawaru.
             Killed by Shatter
             ... invoked by Jorgrun
              (58 damage)
             ... on level 1 of the Vaults.
             The game lasted 03:04:55 (51605 turns).

Faustar the Bludgeoner (Gargoyle Gladiator)        Turns: 51605, Time: 03:04:55

Health: -6/132     AC: 47    Str: 32    XL:     19   Next: 97%
Magic:  0/32       EV: 10    Int:  8    God:    Okawaru [*****.]
Gold:   3085       SH:  7    Dex:  9    Spells: 18/18 levels left

rFire    + . .     SeeInvis +   R - +2 eveningstar (crush)
rCold    . . .     Gourm    .   l - +0 buckler
rNeg     + + +     Faith    .   h - +11 chain mail "Tioch" {rPois rC- MR+}
rPois    ∞         Spirit   +   O - +1 helmet of Terror {Str+7 Int-2}
rElec    +         Reflect  .   C - scarf {repulsion}
rCorr    .         Harm     .   w - +2 pair of gloves
MR       ++...                  x - +0 pair of boots
Stlth    ..........             m - amulet "Ses Xuxu" {Spirit +Blink rC+ rN++ Dex-2 SInv}
HPRegen  0.32/turn              P - ring of magical power
MPRegen  0.23/turn              a - ring of protection from fire

@: finesse, flying, repel missiles
A: big wings, negative energy resistance 1, electricity resistance, unbreathing,
petrification resistance, rot immunity, AC +14
}: 2/15 runes: barnacled, gossamer
a: Stop Flying, Heroism, Finesse, Renounce Religion, Evoke Blink


You were on level 1 of the Vaults.
You worshipped Okawaru.
Okawaru was extremely pleased with you.
You were not hungry.

You visited 9 branches of the dungeon, and saw 35 of its levels.
You visited the Abyss 1 time.
You also visited: Labyrinth, Ossuary and Ice Cave.

You collected 3626 gold pieces.
You spent 541 gold pieces at shops.

Inventory:

Hand Weapons
 u - a +3 demon whip of flaming
 F - a +0 mace of holy wrath
 G - a +1 morningstar of freezing
 R - a +2 eveningstar of crushing (weapon)
Armour
 h - the +11 chain mail "Tioch" (worn) {rPois rC- MR+}
   (You acquired it on level 2 of the Lair of Beasts)

   It makes you vulnerable to cold.
   It protects you from poison.
   It affects your resistance to hostile enchantments.
 l - a +0 buckler (worn)
 w - a +2 pair of gloves (worn)
 x - a +0 pair of boots (worn)
 C - a scarf of repulsion (worn)
 O - the +1 helmet of Terror (worn) {Str+7 Int-2}
   (You found it on level 1 of the Lair of Beasts)

   It affects your strength (+7).
   It affects your intelligence (-2).
 S - a +3 chain mail of fire resistance
 W - a +3 chain mail of cold resistance
Jewellery
 a - a ring of protection from fire (right hand)
 m - the amulet "Ses Xuxu" (around neck) {Spirit +Blink rC+ rN++ Dex-2 SInv}
   (You acquired it on level 1 of the Lair of Beasts)

   [amulet of guardian spirit]

   It causes incoming damage to be split between your health and magic.
   It affects your dexterity (-2).
   It protects you from cold.
   It greatly protects you from negative energy.
   It lets you see invisible.
   It lets you blink.
 P - a ring of magical power (left hand)
 U - an uncursed ring of resist corrosion
Wands
 c - a wand of digging (29)
 s - a wand of enslavement (27)
 I - a wand of iceblast (7)
 T - a wand of paralysis (18)
Scrolls
 b - 3 scrolls of fear
 e - 13 scrolls of remove curse
 j - 2 scrolls of summoning
 n - 14 scrolls of teleportation
 y - 6 scrolls of fog
 H - 12 scrolls of blinking
 N - a scroll of holy word
 X - 11 scrolls of identify
 Z - 3 scrolls of magic mapping
Potions
 d - 3 potions of agility
 g - 12 potions of curing
 o - 7 potions of brilliance
 p - 2 potions of magic
 q - 4 potions of invisibility
 r - 4 potions of ambrosia
 v - 10 potions of might
 z - 10 potions of haste
 B - 5 potions of heal wounds
 Q - 2 potions of cancellation
 V - a potion of resistance
Comestibles
 f - 43 rations
 i - a chunk of flesh


   Skills:
 + Level 18.6 Fighting
 - Level 20.4 Maces & Flails
 - Level 1.7 Throwing
 - Level 16.1 Armour
 - Level 2.4 Dodging
 - Level 15.0 Shields
 - Level 6.3 Invocations
 - Level 3.8 Evocations


You had 18 spell levels left.
You didn't know any spells.

Dungeon Overview and Level Annotations

Branches:
Dungeon (15/15)            Temple (1/1) D:6            Lair (6/6) D:8
 Shoals (4/4) Lair:2       Spider (4/4) Lair:2          Orc (2/2) D:9
    Elf (1/3) Orc:2        Vaults (1/5) D:13         Depths (1/5) D:15
  Slime: Lair:5-6

Altars:
Ashenzari
Cheibriados
Dithmenos
Elyvilon
Fedhas
Gozag
Hepliaklqana
Kikubaaqudgha
Makhleb
Nemelex Xobeh
Okawaru
Qazlal
Ru
Sif Muna
Trog
Uskayaw
Vehumet
Wu Jian
Xom
Yredelemnul
Zin
The Shining One
Beogh

Shops:
D:11 !   Orc:2 ([!}   Elf:1 !   Shoals:2 *   Shoals:3 %

Annotations:
Lair:5 1 runed door, exclusion: oklob plant
Vaults:1 Jorgrun


Innate Abilities, Weirdness & Mutations

You are resistant to torment.
Your stone body is resilient. (AC +14)
You are immune to poison.
Your large and strong wings let you fly indefinitely.
You resist negative energy. (rN+)
You are resistant to electric shocks. (rElec)
You can survive without breathing.
You are immune to petrification.
You are immune to rotting.


Message History

Jorgrun is severely wounded.
Jorgrun hits you but does no damage.
You are too injured to fight recklessly!
You barely miss Jorgrun.
Jorgrun is severely wounded.
You miss Jorgrun.
Jorgrun is severely wounded.
You puncture Jorgrun!
Jorgrun is severely wounded.
Jorgrun hits you but does no damage.
You puncture Jorgrun!
Jorgrun is almost dead.
You hit Jorgrun but do no damage.
Jorgrun is almost dead.
You puncture Jorgrun!
Jorgrun is almost dead.
Jorgrun mumbles some strange words.
The dungeon rumbles around Jorgrun!
You shudder from the earth-shattering force.
You die...

#.... #..#. ..####
#.... #..#.##.#...##
##... ##.............
#.#.. #..............
##### ##.............
#......>....... ######
#....g........ #(((.( #
#...@.# #((.([
#....#..# #...∩)
#.#.##..# #(..()
#....#... #(...)
#.#..#.(#. #(.)..
#.......#.# #.....
####'#..# . ######
#.....#################
#.....#.#.#.#.#.#.#.#.#


You could see Jorgrun.

Vanquished Creatures
  Saint Roka (Orc:2)
  Gastronok (Lair:3)
  A kraken (Shoals:4)
  A sphinx (Vaults:1)
  Polyphemus (Shoals:2)
  Ilsuiw (Shoals:4)
  A tengu reaver (Vaults:1)
  4 vault wardens (Vaults:1)
  A frost giant (IceCv)
  An orc warlord (Orc:1)
  5 ghost moths
  2 emperor scorpions
  5 entropy weavers
  2 ironheart preservers (Vaults:1)
  A very ugly thing (D:15)
  A starcursed mass (Abyss:3)
  An ophan (Abyss:3)
  Azrael (D:12)
  3 spark wasps
  3 merfolk javelineers (Shoals:4)
  3 ettins
  A minotaur (Lab)
  A fire dragon (D:15)
  15 merfolk impalers
  2 yaktaur captains
  2 deep elf death magi
  The ghost of Thargor the Prestidigitator, a journeyman DDFi of Makhleb (D:13)
  7 hydras
  4 catoblepae
  A vault guard (Vaults:1)
  3 merfolk avatars
  12 two-headed ogres
  2 merfolk aquamancers (Shoals:4)
  4 centaur warriors
  3 ogre magi
  3 dancing weapons
  2 alligator snapping turtles
  2 deep troll earth magi (Vaults:1)
  16 death yaks
  A queen ant (Spider:2)
  A thrashing horror (Abyss:3)
  Nergalle (Orc:1)
  Urug (Lair:3)
  2 orc high priests
  Sonja (D:13)
  A titan skeleton (Abyss:3)
  A skeletal warrior (D:15)
  4 deep elf knights
  2 wretched stars (Abyss:3)
  2 sixfirhies (Abyss:3)
  7 sea snakes
  A golden dragon zombie (D:15)
  3 deep trolls
  5 unseen horrors
  A flayed ghost (D:15)
  A glowing orange brain (Vaults:1)
  8 deep elf archers
  3 ironbrand convokers
  11 orb spiders
  4 harpies
  2 necromancers
  2 large abominations (Abyss:3)
  4 orc sorcerers
  12 fauns
  11 ugly things
  11 deep elf magi
  6 cyclopes
  6 orc knights
  21 wolf spiders
  A frost giant zombie (D:15)
  2 stone giant zombies
  A worldbinder (Abyss:3)
  An oklob plant (Lair:6)
  18 manticores
  12 elephants
  Joseph (D:10)
  12 merfolk sirens
  A moth of wrath (Spider:2)
  Maurice (D:9)
  11 water nymphs
  2 black mambas
  3 vault sentinels (Vaults:1)
  A fire giant skeleton (Abyss:3)
  A smoke demon (Abyss:3)
  3 spiny frogs
  A gargoyle (D:11)
  An ice statue (IceCv)
  8 rime drakes
  A yaktaur (shapeshifter) (D:15)
  A rime drake (shapeshifter) (D:13)
  7 komodo dragons
  2 kobold demonologists (D:14)
  An efreet (D:14)
  10 yaktaurs
  An ancient zyme (Abyss:3)
  10 demonic crawlers
  A guardian mummy (D:15)
  24 jumping spiders
  7 hornets (Spider:4)
  8 trolls
  47 merfolk
  12 polar bears (IceCv)
  13 hippogriffs
  10 wind drakes
  18 slime creatures
  Prince Ribbit (Lair:2)
  7 blink frogs
  4 raiju (Abyss:3)
  6 snapping turtles
  2 dream sheep (Shoals:3)
  A centaur simulacrum (D:14)
  2 air elementals
  4 wraiths
  A shadow (D:13)
  27 tarantellas
  3 wyverns
  A ynoxinul (Abyss:3)
  50 redbacks
  5 water elementals
  A fire bat (Abyss:3)
  4 flying skulls (Abyss:3)
  4 fire elementals
  5 basilisks
  78 yaks
  A hog (D:14)
  A hungry ghost (D:12)
  2 steam dragons (Shoals:3)
  A catoblepas simulacrum (Abyss:3)
  4 vampire mosquitoes (D:12)
  Menkaure (D:7)
  2 wargs
  Edmund (D:6)
  A tengu zombie (D:15)
  2 acid dragons
  23 soldier ants
  7 water moccasins
  3 hell hounds (D:12)
  A porcupine (Lair:1)
  6 ice beasts
  32 orc warriors
  4 sky beasts
  14 ogres
  3 black bears
  20 wolves
  6 centaurs
  4 phantoms
  3 necrophages
  14 crocodiles
  3 big kobolds
  13 bullfrogs
  A gnoll sergeant (D:11)
  Blork the orc (D:5)
  A wyvern zombie (D:12)
  2 small abominations (Abyss:3)
  7 scorpions
  7 electric eels
  5 wights (D:9)
  2 howler monkeys
  7 crimson imps
  3 centaur zombies
  A quasit (D:8)
  A bullfrog zombie (D:5)
  4 human zombies (Ossuary)
  7 jellies
  29 orc priests
  3 hounds
  3 bullfrog skeletons
  8 centaur skeletons
  5 iguanas
  32 orc wizards
  5 hell rats (Lair:6)
  34 worker ants
  2 big kobold zombies (Ossuary)
  6 mummies
  2 hound skeletons
  12 gnolls
  9 adders
  2 shadow imps
  12 white imps (Orc:1)
  An ufetubus (Abyss:3)
  An ooze (Abyss:3)
  An adder zombie (D:5)
  An adder skeleton (D:9)
  2 dart slugs
  5 worms
  6 leopard geckos
  124 orcs
  2 giant cockroaches
  5 goblins
  7 hobgoblins
  17 jackals
  9 kobolds
  2 quokkas
  5 bats
  5 frilled lizards
  A gnoll zombie (Ossuary)
  A goblin zombie (D:7)
  A hobgoblin zombie (D:7)
  A jackal zombie (D:7)
  A kobold zombie (Ossuary)
  4 rats
  A butterfly (Lair:4)
  7 fungi (D:8)
  9 plants
1321 creatures vanquished.

Vanquished Creatures (others)
  Kirke (D:14)
  A merfolk siren (Shoals:1)
  A human (D:14)
  8 fungi
  13 plants
  8 tentacles (Shoals:4)
32 creatures vanquished.

Grand Total: 1353 creatures vanquished

Notes
Turn   | Place    | Note
-------+----------+-------------------------------------------
     0 | D:1      | Faustar the Gargoyle Gladiator began the quest for the Orb.
     0 | D:1      | Reached XP level 1. HP: 12/12 MP: 1/1
   191 | D:1      | Reached XP level 2. HP: 16/17 MP: 2/2
   675 | D:2      | Reached skill level 4 in Maces & Flails
   720 | D:2      | Reached XP level 3. HP: 14/21 MP: 3/3
  1599 | D:2      | HP: 1/21 [something (1)]
  1605 | D:2      | Reached skill level 5 in Maces & Flails
  1605 | D:2      | Reached XP level 4. HP: 1/26 MP: 4/4
  2450 | D:3      | Reached XP level 5. HP: 23/32 MP: 5/5
  2456 | D:3      | Found a shimmering altar of Xom.
  2620 | D:4      | Noticed an orc warrior
  3244 | D:4      | Reached skill level 5 in Fighting
  3244 | D:4      | Reached XP level 6. HP: 40/40 MP: 6/6
  3401 | D:4      | Noticed a phantom
  3404 | D:4      | Noticed a phantom
  3428 | D:4      | Killed a phantom
  3444 | D:4      | Killed a phantom
  3444 | D:4      | Reached XP level 7. HP: 34/47 MP: 7/7
  3841 | D:4      | Reached skill level 6 in Maces & Flails
  4177 | D:5      | Entered Level 5 of the Dungeon
  4397 | D:5      | Reached skill level 7 in Maces & Flails
  4397 | D:5      | Reached XP level 8. HP: 49/52 MP: 8/8
  4648 | D:5      | Reached skill level 8 in Maces & Flails
  4794 | D:5      | Found a deep blue altar of Sif Muna.
  4830 | D:5      | Found a shattered altar of Ashenzari.
  4834 | D:5      | Found a hazy altar of Hepliaklqana.
  4834 | D:5      | Found an ancient bone altar of Kikubaaqudgha.
  4836 | D:5      | Found an ornate altar of the Wu Jian Council.
  4839 | D:5      | Found a stormy altar of Qazlal.
  5337 | D:6      | Noticed Blork the orc
  5356 | D:5      | Killed Blork the orc
  5356 | D:5      | Reached skill level 9 in Maces & Flails
  5634 | D:6      | Noticed Edmund
  5652 | D:6      | Killed Edmund
  5652 | D:6      | Reached skill level 10 in Maces & Flails
  5652 | D:6      | Reached XP level 9. HP: 53/56 MP: 9/9
  5675 | D:6      | Found a snail-covered altar of Cheibriados.
  6068 | D:6      | Reached skill level 11 in Maces & Flails
  6396 | D:6      | Found a glowing silver altar of Zin.
  6397 | D:6      | Found an opulent altar of Gozag.
  6492 | D:6      | Found a staircase to the Ecumenical Temple.
  6536 | Temple   | Entered the Ecumenical Temple
  6810 | Temple   | Became a worshipper of Warmaster Okawaru
  7108 | D:7      | Found a sand-covered staircase.
  7116 | Ossuary  | Entered an ossuary
  7352 | Ossuary  | Reached skill level 12 in Maces & Flails
  7372 | D:7      | Reached * piety under Okawaru
  7430 | D:7      | Reached XP level 10. HP: 60/61 MP: 10/10
  7619 | D:7      | Reached skill level 13 in Maces & Flails
  7751 | D:7      | Reached ** piety under Okawaru
  7752 | D:7      | Noticed Menkaure
  7761 | D:7      | Killed Menkaure
  8453 | D:8      | Noticed a two-headed ogre
  8621 | D:8      | Found a staircase to the Lair.
  8913 | D:8      | Killed a two-headed ogre
  8913 | D:8      | Reached *** piety under Okawaru
  8913 | D:8      | Reached skill level 14 in Maces & Flails
  9103 | D:8      | Reached skill level 1 in Armour
  9565 | D:9      | Noticed Maurice
  9585 | D:9      | Killed Maurice
  9652 | D:9      | Reached skill level 5 in Armour
  9668 | D:9      | Noticed a two-headed ogre
  9682 | D:9      | Killed a two-headed ogre
  9682 | D:9      | Reached **** piety under Okawaru
  9682 | D:9      | Reached XP level 11. HP: 20/66 MP: 8/11
 10099 | D:9      | Found a staircase to the Orcish Mines.
 10669 | Lair:1   | Entered Level 1 of the Lair of Beasts
 11708 | Lair:1   | Got a faintly humming helmet
 11709 | Lair:1   | Identified the +1 helmet of Terror {Str+7 Int-2} (You found it on level 1 of the Lair of Beasts)
 11724 | Lair:1   | Identified a scroll of acquirement
 11727 | Lair:1   | Got a scintillating copper amulet
 11728 | Lair:1   | Identified the amulet "Ses Xuxu" {Spirit +Blink rC+ rN++ Dex-2 SInv} (You acquired it on level 1 of the Lair of Beasts)
 11990 | Lair:2   | Reached ***** piety under Okawaru
 12076 | Lair:2   | Found a staircase to the Shoals.
 12108 | Lair:2   | Noticed Prince Ribbit
 12121 | Lair:2   | Killed Prince Ribbit
 12121 | Lair:2   | Reached skill level 10 in Armour
 12124 | Lair:2   | Reached skill level 1 in Invocations
 12128 | Lair:2   | Reached skill level 1 in Evocations
 12134 | Lair:2   | Received a gift from Okawaru
 12252 | Lair:2   | Noticed a six-headed hydra
 12262 | Lair:2   | Killed a six-headed hydra
 12508 | Lair:2   | Found a hole to the Spider Nest.
 12709 | Lair:3   | Noticed Urug
 12722 | Lair:3   | Killed Urug
 12722 | Lair:3   | Received a gift from Okawaru
 12722 | Lair:3   | Reached XP level 12. HP: 71/71 MP: 7/15
 12804 | Lair:3   | Reached skill level 5 in Invocations
 13008 | Lair:3   | Noticed Gastronok
 13176 | Lair:3   | Killed Gastronok
 13565 | Lair:3   | Noticed a five-headed hydra
 13575 | Lair:3   | Killed a five-headed hydra
 14050 | Lair:4   | Received a gift from Okawaru
 14543 | Lair:4   | Noticed a six-headed hydra
 14553 | Lair:4   | Reached skill level 15 in Maces & Flails
 14558 | Lair:4   | Killed a six-headed hydra
 15072 | Lair:5   | Noticed an eight-headed hydra
 15081 | Lair:5   | Killed an eight-headed hydra
 15473 | Lair:5   | Reached XP level 13. HP: 82/82 MP: 17/17
 15504 | Lair:5   | Reached skill level 10 in Fighting
 15822 | Lair:5   | Found a runed door.
 16001 | Lair:5   | Got a bloodstained ring mail
 16012 | Lair:5   | Identified the +1 ring mail of the Nine Hells {-Cast rN+ Dex+4} (You found it on level 5 of the Lair of Beasts)
 16427 | Lair:6   | Entered Level 6 of the Lair of Beasts
 16461 | Lair:6   | Reached ****** piety under Okawaru
 16746 | Lair:6   | Received a gift from Okawaru
 17027 | Lair:5   | Reached skill level 16 in Maces & Flails
 17487 | Lair:6   | Found a burning altar of Makhleb.
 18085 | Lair:6   | Gained mutation: Your large and strong wings let you fly indefinitely. [Gargoyle growth]
 18085 | Lair:6   | Reached XP level 14. HP: 73/94 MP: 18/18
 18797 | Lair:6   | Received a gift from Okawaru
 18998 | Shoals:1 | Entered Level 1 of the Shoals
 20310 | Shoals:1 | Received a gift from Okawaru
 21082 | Shoals:2 | Noticed Polyphemus
 21958 | Shoals:2 | Reached XP level 15. HP: 43/100 MP: 12/19
 22448 | Shoals:2 | Received a gift from Okawaru
 22458 | Shoals:3 | Reached skill level 15 in Armour
 23219 | Shoals:2 | Found Koehar's General Store.
 23251 | Shoals:2 | Received a gift from Okawaru
 23465 | Shoals:2 | Bought a scroll of teleportation for 51 gold pieces
 23465 | Shoals:2 | Bought a scroll of enchant armour for 127 gold pieces
 23465 | Shoals:2 | Bought a scroll of teleportation for 51 gold pieces
 24363 | Shoals:2 | Killed Polyphemus
 24789 | Shoals:2 | Reached skill level 15 in Fighting
 26242 | Shoals:3 | Found Uliklenu's Food Shoppe.
 27246 | Shoals:4 | Entered Level 4 of the Shoals
 27979 | Spider:1 | Entered Level 1 of the Spider Nest
 28129 | Lair:2   | Received a gift from Okawaru
 28544 | Spider:1 | Reached skill level 1 in Shields
 28546 | Spider:1 | Reached XP level 16. HP: 101/110 MP: 20/20
 29469 | Spider:2 | Reached skill level 5 in Shields
 30151 | Spider:2 | Received a gift from Okawaru
 30739 | Spider:2 | Received a gift from Okawaru
 31784 | Spider:2 | Received a gift from Okawaru
 32256 | Spider:3 | Reached skill level 10 in Shields
 32259 | Spider:3 | Received a gift from Okawaru
 32260 | Spider:3 | Got a bloodstained scale mail {god gift}
 32272 | Spider:2 | Identified the +1 scale mail "Goko Hop" {+Blink +Fly Dex+6 Stlth-} (Okawaru gifted it to you on level 3 of the Spider Nest)
 32950 | Spider:4 | Entered Level 4 of the Spider Nest
 34446 | Lair:2   | Got a heavily runed chain mail
 34447 | Lair:2   | Identified the +11 chain mail "Tioch" {rPois rC- MR+} (You acquired it on level 2 of the Lair of Beasts)
 34585 | Orc:1    | Entered Level 1 of the Orcish Mines
 34589 | Orc:1    | Found a frozen archway.
 34643 | IceCv    | Entered an ice cave
 34836 | IceCv    | Reached XP level 17. HP: 115/115 MP: 21/21
 35473 | IceCv    | Identified the Compendium of Dusty Changing
 35990 | Orc:1    | Received a gift from Okawaru
 36120 | Orc:2    | Entered Level 2 of the Orcish Mines
 36120 | Orc:2    | Found a roughly hewn altar of Beogh.
 36208 | Orc:1    | Noticed Nergalle
 36586 | Orc:2    | Found a roughly hewn altar of Beogh.
 36737 | Orc:2    | Found a staircase to the Elven Halls.
 36772 | Orc:2    | Found a roughly hewn altar of Beogh.
 36827 | Orc:2    | Found a roughly hewn altar of Beogh.
 36883 | Orc:2    | Found a roughly hewn altar of Beogh.
 37012 | Orc:2    | Found a roughly hewn altar of Beogh.
 37223 | Orc:2    | Found Win Xoeh's Gadget Boutique.
 37329 | Orc:2    | Found Toesaa's Distillery.
 37334 | Orc:2    | Bought a potion of invisibility for 96 gold pieces
 37334 | Orc:2    | Bought a potion of heal wounds for 60 gold pieces
 37334 | Orc:2    | Bought a potion of might for 48 gold pieces
 37334 | Orc:2    | Bought a potion of might for 48 gold pieces
 37334 | Orc:2    | Bought a potion of heal wounds for 60 gold pieces
 37378 | Elf:1    | Entered Level 1 of the Elven Halls
 37378 | Elf:1    | Found Ocousch's Distillery.
 37393 | Orc:2    | Received a gift from Okawaru
 37610 | Orc:2    | Reached skill level 15 in Shields
 37708 | Orc:1    | Killed Nergalle
 37987 | D:10     | Entered Level 10 of the Dungeon
 38314 | D:10     | Found the +10 large shield of Ignorance {rN+ Int-4}
 38555 | D:10     | Noticed Joseph
 38562 | D:10     | Killed Joseph
 39046 | D:11     | Found Lixinoysch's Distillery.
 39152 | D:11     | Found a blossoming altar of Fedhas.
 40351 | D:12     | Noticed Azrael
 40412 | D:12     | Killed Azrael
 40671 | D:13     | Noticed Thargor's ghost (journeyman DDFi)
 40740 | D:13     | Received a gift from Okawaru
 40755 | D:13     | Found a gate to the Vaults.
 40839 | D:13     | Found an ornate altar of the Wu Jian Council.
 40853 | D:13     | Found a labyrinth entrance.
 40861 | Lab      | Entered a labyrinth
 41620 | Lab      | Identified the Handbook of Twisted Toxins
 41620 | Lab      | Identified Qiteez's Volume of Ice
 41691 | D:13     | Reached skill level 17 in Maces & Flails
 41718 | D:13     | Killed Thargor's ghost
 41807 | D:13     | Noticed Sonja
 41813 | D:13     | Killed Sonja
 42406 | D:14     | Reached XP level 18. HP: 118/120 MP: 22/22
 42862 | D:14     | Noticed Kirke
 42875 | D:14     | Killed Kirke
 43203 | D:15     | Entered Level 15 of the Dungeon
 43356 | D:15     | Found a staircase to the Depths.
 43560 | D:15     | Reached skill level 18 in Maces & Flails
 44307 | Depths:1 | Entered Level 1 of the Depths
 44818 | Orc:2    | Noticed Saint Roka
 44853 | Orc:2    | Killed Saint Roka
 44875 | Orc:2    | Found Qual's Antique Weapon Shop.
 44876 | Orc:2    | Found a roughly hewn altar of Beogh.
 44877 | Orc:2    | Found Plog's Antique Armour Boutique.
 45069 | Elf:1    | Received a gift from Okawaru
 45335 | Elf:1    | Reached skill level 19 in Maces & Flails
 46723 | Spider:4 | Got a gossamer rune of Zot
 47086 | Shoals:3 | Cast into level 3 of the Abyss (merfolk impaler)
 47267 | Abyss:3  | Reached XP level 19. HP: 98/125 MP: 23/23
 47336 | Abyss:3  | Reached skill level 20 in Maces & Flails
 47515 | Shoals:3 | Escaped the Abyss
 47776 | Shoals:4 | Noticed Ilsuiw
 47866 | Shoals:4 | Killed Ilsuiw
 48819 | Shoals:4 | Received a gift from Okawaru
 49000 | Shoals:4 | Got a barnacled rune of Zot
 49198 | Shoals:4 | Identified Leceeqa's Incunabulum of Lethal Creation
 49664 | Vaults:1 | Entered Level 1 of the Vaults
 50118 | Vaults:1 | Received a gift from Okawaru
 51379 | Vaults:1 | Found the +8 glaive of the Guard {elec, +Rage AC+5 SInv}
 51591 | Vaults:1 | Noticed Jorgrun
 51605 | Vaults:1 | Killed from afar by Jorgrun

Skill      XL: |  1  2  3  4  5  6  7  8  9 10 11 12 13 14 15 16 17 18 19 |
---------------+----------------------------------------------------------+-----
Maces & Flails | 4 5 7 10 12 14 15 16 17 19 20 | 20.4
Fighting       | 3 5 6 9 13 14 16 18 | 18.6
Armour         | 6 10 14 16 | 16.1
Invocations    | 4 6 |  6.3
Evocations     | 3 |  3.8
Shields        | 1 12 15 | 15.0
Throwing       | |  1.7
Dodging        | |  2.4

Action                   |  1- 3 |  4- 6 |  7- 9 | 10-12 | 13-15 | 16-18 | 19-21 || total
-------------------------+-------+-------+-------+-------+-------+-------+-------++-------
Melee: Flail             |   124 |   173 |   233 |       |       |       |       ||   530
       Dire flail        |       |       |   223 |   562 |       |       |       ||   785
       Eveningstar       |       |       |       |   169 |  1222 |  2034 |   659 ||  4084
       Punch             |       |       |       |     1 |     6 |       |       ||     7
       Demon whip        |       |       |       |       |       |   325 |       ||   325
Throw: Throwing net      |       |       |       |     2 |       |       |       ||     2
Invok: Heroism           |       |       |       |    10 |    13 |    27 |     6 ||    56
       Finesse           |       |       |       |     6 |    10 |    17 |     7 ||    40
 Abil: Fly               |       |       |       |       |     1 |       |       ||     1
       Evoke Blink       |       |       |       |       |     4 |       |     1 ||     5
Evoke: Wand              |       |       |       |     9 |     8 |     5 |     1 ||    23
  Use: Scroll            |       |       |     5 |    20 |     5 |     9 |     1 ||    40
       Potion            |       |       |     5 |     2 |     4 |     5 |     3 ||    19
 Stab: Invisible         |       |       |       |     9 |       |       |       ||     9
  Eat: Chunk             |     2 |     6 |    10 |    23 |    39 |    40 |    14 ||   134
       Ration            |       |       |     1 |     1 |     1 |     6 |       ||     9
Armor: Leather armour    |    59 |    41 |       |       |       |       |       ||   100
       Chain mail        |       |    40 |   239 |   318 |   996 |  1540 |   395 ||  3528
       Skin              |       |       |       |     3 |       |     2 |       ||     5
Dodge: Dodged            |    92 |    84 |   134 |   206 |   545 |   855 |   178 ||  2094
       Deflected         |       |       |       |       |       |    45 |    27 ||    72
Block: Buckler           |       |       |       |       |     3 |   627 |   174 ||   804
